 Dungeon Crawl Stone Soup version 0.18.1-48-g4cf74bf (webtiles) character file.

4237 Caphalor the Zephyrmancer (level 10, -3/61 HPs)
             Began as a Tengu Air Elementalist on June 30, 2016.
             Was an Elder of Vehumet.
             Slain by baghtru's ghost (18 damage)
             ... on level 9 of the Dungeon.
             The game lasted 00:33:07 (10543 turns).

Caphalor the Zephyrmancer (Tengu Air Elementalist) Turns: 10543, Time: 00:33:07

Health: -3/61      AC: 13    Str:  8    XL:     10   Next: 30%
Magic:  0/20       EV: 14    Int: 20    God:    Vehumet [****..]
Gold:   574        SH:  5    Dex: 16    Spells: 4 memorised, 13 levels left

rFire  . . .     SeeInvis .     x - +0 dagger (protect)
rCold  + . .     Gourm    .     w - +2 robe {rC+}
rNeg   . . .     Faith    .     F - +1 buckler {AC+3}
rPois  +         Spirit   .     (helmet restricted)
rElec  .         Dismiss  .     d - +0 cloak
rCorr  .         Reflect  .     (no gloves)
SustAt .         Harm     .     (boots unavailable)
MR     .....                    (no amulet)
Stlth  ++........               C - +2 ring of dexterity
                                D - ring of poison resistance

@: flying quickly and evasively, quick, not resistant to hostile enchantments,
unstealthy
A: beak, talons 3, able to fly 1
a: Renounce Religion


You were on level 9 of the Dungeon.
You worshipped Vehumet.
Vehumet was greatly pleased with you.
You were near starving.

You visited 2 branches of the dungeon, and saw 10 of its levels.

You collected 574 gold pieces.

Inventory:

Hand Weapons
 x - a +0 dagger of protection (weapon)
Armour
 d - a +0 cloak (worn)
 w - a +2 robe of cold resistance (worn)
 F - a +1 buckler of protection (worn)
Jewellery
 C - a +2 ring of dexterity (right hand)
 D - a ring of poison resistance (left hand)
Wands
 z - a wand of slowing (34/48)
Scrolls
 g - a scroll of immolation {unknown}
 h - 5 scrolls of teleportation
 i - 3 scrolls of noise {unknown}
 k - 2 scrolls of fog
 l - 3 scrolls of recharging
 o - a scroll of magic mapping {unknown}
 q - 2 scrolls of fear {unknown}
 r - 3 scrolls of remove curse
 v - 2 scrolls of enchant weapon {unknown}
 y - 8 scrolls of identify
Potions
 s - a potion of cure mutation {unknown}
 t - 4 potions of curing
 u - a potion of heal wounds
 B - a potion of flight
Books
 a - a book of Summonings

   Spells                             Type                      Level
   a - Recall                         Summoning/Translocation      3
   b - Aura of Abjuration             Summoning                    5
   c - Summon Demon                   Summoning                    5
   d - Summon Forest                  Summoning/Translocation      5
   e - Summon Mana Viper              Hexes/Summoning              5
   f - Shadow Creatures               Summoning                    6
 b - a book of Air

   Spells                             Type                      Level
   a - Shock                          Conjuration/Air              1
   b - Swiftness                      Charms/Air                   2
   c - Repel Missiles                 Charms/Air                   2
   d - Static Discharge               Conjuration/Air              3
   e - Lightning Bolt                 Conjuration/Air              5
 n - a book of the Tempests

   Spells                             Type                      Level
   a - Static Discharge               Conjuration/Air              3
   b - Lightning Bolt                 Conjuration/Air              5
   c - Fireball                       Conjuration/Fire             5
   d - Tornado                        Air                          9
   e - Shatter                        Earth                        9
Comestibles
 c - 10 bread rations
 f - 5 beef jerkies
 m - 8 meat rations
 A - 3 slices of pizza


   Skills:
 + Level 6.6 Fighting
 - Level 2.1 Dodging
 - Level 2.0 Stealth
 - Level 1.0 Shields
 + Level 6.4 Spellcasting
 - Level 10.1 Conjurations
 - Level 11.0 Air Magic


You had 13 spell levels left.
You knew the following spells:

 Your Spells              Type           Power        Failure   Level  Hunger
a - Shock                 Conj/Air       ####         1%          1    None
b - Static Discharge      Conj/Air       #####...     1%          3    ##.....
c - Repel Missiles        Chrm/Air       ####..       2%          2    None
d - Swiftness             Chrm/Air       ####....     2%          2    None


Dungeon Overview and Level Annotations

Branches:
Dungeon (9/15)             Temple (1/1) D:4             Orc (0/2) D:9
   Lair: D:8-11

Altars:
Cheibriados
Dithmenos
Fedhas
Gozag
Kikubaaqudgha
Makhleb
Nemelex Xobeh
Okawaru
Ru
Sif Muna
Trog
Vehumet
The Shining One

Annotations:
D:8 Psyche
D:9 baghtru's ghost, novice HOFi


Innate Abilities, Weirdness & Mutations

You have a beak for a mouth.
You have claws for feet.
You can fly.


Message History

Press: ? - help, Shift-Dir - straight line, f/p - baghtru's ghost
Aim: baghtru's ghost (severely damaged)
The zap hits baghtru's ghost.
Baghtru's ghost is severely damaged.
The zap hits baghtru's ghost.
Baghtru's ghost is severely damaged.
Baghtru's ghost says, "I don't need an army to kill you!"
Baghtru's ghost hits you!
* * * LOW HITPOINT WARNING * * *
Casting: Shock
Confirm with . or Enter, or press ? or * to list all spells.
Aiming: Shock
Press: ? - help, Shift-Dir - straight line, f/p - baghtru's ghost
Aim: baghtru's ghost (severely damaged)
The zap hits baghtru's ghost.
Baghtru's ghost is severely damaged.
The zap hits baghtru's ghost.
Baghtru's ghost appears unharmed.
Baghtru's ghost is severely damaged.
Baghtru's ghost hits you!!
You die...

....# #.# ...##
#.###### ..##
#.#....# ###
#.#....# #
#.#....#
...###.####.#....#
##.........[.....#
###.####....†.#
#.#..W@# #.#....#
#.#.>..# ##.#....#
#..###### ####
#o## ...# #.# ...#
.). ...# ....


You could see baghtru's ghost.

Vanquished Creatures
  A two-headed ogre (D:9)
  A hungry ghost (D:9)
  Menkaure (D:7)
  5 orc warriors
  An ice beast (D:7)
  A sky beast (D:7)
  7 ogres
  A centaur (D:7)
  A crocodile (D:9)
  A big kobold (D:9)
  4 giant frogs
  2 gnoll sergeants
  2 scorpions
  5 killer bees (D:9)
  4 wights (D:7)
  A howler monkey (D:4)
  A crimson imp (D:6)
  3 orc priests
  3 jellies
  4 hounds
  A giant frog skeleton (D:5)
  Jessica (D:3)
  An iguana (D:7)
  11 orc wizards
  5 worker ants
  3 hound zombies
  Robin (D:3)
  9 adders
  14 gnolls
  A howler monkey skeleton (D:6)
  4 river rats (D:9)
  2 shadow imps
  3 oozes
  6 worms
  5 dart slugs
  7 giant geckos
  32 orcs
  13 bats
  5 giant cockroaches
  18 goblins
  21 hobgoblins
  11 jackals
  30 kobolds
  4 quokkas
  2 ball pythons
  A giant cockroach zombie (D:5)
  3 giant newts (D:1)
  2 quokka skeletons
  14 rats
  A plant (D:9)
280 creatures vanquished.

Vanquished Creatures (others)
  7 fungi (D:9)
  6 plants (D:9)
13 creatures vanquished.

Grand Total: 293 creatures vanquished

Notes
Turn   | Place    | Note
--------------------------------------------------------------
     0 | D:1      | Caphalor the Tengu Air Elementalist began the quest for the Orb.
     0 | D:1      | Reached XP level 1. HP: 10/10 MP: 4/4
   112 | D:1      | Reached XP level 2. HP: 15/15 MP: 0/6
   471 | D:1      | Reached XP level 3. HP: 19/19 MP: 2/7
   884 | D:1      | Reached skill level 5 in Air Magic
  1063 | D:2      | Found an opulent altar of Gozag.
  1127 | D:2      | Reached XP level 4. HP: 6/24 MP: 0/8
  1664 | D:2      | Gained mutation: You can fly. [Tengu growth]
  1664 | D:2      | Reached XP level 5. HP: 28/28 MP: 6/9
  1893 | D:3      | Reached skill level 6 in Air Magic
  1988 | D:3      | You fall through a shaft!
  2014 | D:4      | Learned a level 3 spell: Static Discharge
  2017 | D:4      | Learned a level 2 spell: Repel Missiles
  2020 | D:4      | Learned a level 2 spell: Swiftness
  2033 | D:4      | Found an ancient bone altar of Kikubaaqudgha.
  2163 | D:4      | Found a staircase to the Ecumenical Temple.
  2174 | Temple   | Entered the Ecumenical Temple
  2244 | Temple   | Became a worshipper of Vehumet
  2548 | D:3      | Noticed Jessica
  2551 | D:3      | Killed Jessica
  2594 | D:3      | Noticed Robin
  2601 | D:3      | Killed Robin
  2601 | D:3      | Reached skill level 5 in Conjurations
  3300 | D:4      | Reached * piety under Vehumet
  3300 | D:4      | Offered knowledge of Sandblast by Vehumet.
  3300 | D:4      | Reached XP level 6. HP: 32/32 MP: 7/10
  3318 | D:4      | Found a sacrificial altar of Ru.
  3581 | D:4      | Reached skill level 7 in Air Magic
  4117 | D:4      | Reached XP level 7. HP: 28/36 MP: 0/11
  4824 | D:4      | Reached skill level 8 in Air Magic
  5053 | D:5      | Entered Level 5 of the Dungeon
  5056 | D:5      | Found an iron altar of Okawaru.
  5180 | D:5      | Found a burning altar of Makhleb.
  5496 | D:5      | Reached ** piety under Vehumet
  5496 | D:5      | Reached skill level 9 in Air Magic
  5496 | D:5      | Reached XP level 8. HP: 41/41 MP: 3/12
  5869 | D:5      | Found a blossoming altar of Fedhas.
  5871 | D:5      | Found a shadowy altar of Dithmenos.
  6025 | D:6      | Found an iron altar of Okawaru.
  6031 | D:6      | Offered knowledge of Flame Tongue by Vehumet.
  6761 | D:6      | Reached skill level 10 in Air Magic
  7049 | D:6      | Offered knowledge of Inner Flame by Vehumet.
  7583 | D:7      | Reached *** piety under Vehumet
  7598 | D:7      | Reached skill level 10 in Conjurations
  7694 | D:7      | Reached skill level 11 in Air Magic
  7694 | D:7      | Reached XP level 9. HP: 45/45 MP: 7/13
  7737 | D:7      | Reached skill level 1 in Fighting
  7774 | D:7      | Found a shadowy altar of Dithmenos.
  8277 | D:7      | Found an opulent altar of Gozag.
  8371 | D:7      | Offered knowledge of Sticky Flame by Vehumet.
  8371 | D:7      | Reached skill level 1 in Shields
  8487 | D:7      | Noticed Menkaure
  8492 | D:7      | Killed Menkaure
  9564 | D:8      | Noticed Psyche
  9792 | D:9      | Reached skill level 5 in Spellcasting
  9871 | D:9      | Reached skill level 5 in Fighting
  9879 | D:9      | Noticed a two-headed ogre
  9895 | D:9      | Killed a two-headed ogre
  9895 | D:9      | Reached **** piety under Vehumet
  9895 | D:9      | Reached XP level 10. HP: 33/59 MP: 1/19
 10087 | D:9      | Offered knowledge of Mephitic Cloud by Vehumet.
 10163 | D:9      | Found a staircase to the Orcish Mines.
 10523 | D:9      | Noticed baghtru's ghost (novice HOFi)
 10543 | D:9      | Slain by baghtru's ghost

Skill      XL: |  1  2  3  4  5  6  7  8  9 10 |
---------------+-------------------------------+-----
Conjurations   | 2 3 4 5 6 8 10 | 10.1
Air Magic      | 5 6 7 9 11 | 11.0
Fighting       | 5 6 |  6.6
Spellcasting   | 5 6 |  6.4
Shields        | 1 |  1.0
Dodging        | |  2.1
Stealth        | |  2.0

Action                   |  1- 3 |  4- 6 |  7- 9 | 10-12 || total
-------------------------+-------+-------+-------+-------++-------
Melee: Peck              |     2 |     2 |     9 |     5 ||    18
       Unarmed           |     1 |       |       |       ||     1
       Dagger            |    16 |       |    28 |    25 ||    69
       Kick              |     3 |     6 |     4 |     7 ||    20
       Whip              |       |    15 |     9 |       ||    24
 Cast: Shock             |    62 |   138 |   334 |    96 ||   630
       Repel Missiles    |       |     1 |     1 |       ||     2
       Static Discharge  |       |       |    15 |    11 ||    26
 Abil: Fly               |       |     1 |     8 |     2 ||    11
  Use: Scroll            |       |     5 |     6 |       ||    11
       Potion            |       |       |     1 |     2 ||     3
  Eat: Chunk             |     1 |    10 |    22 |     3 ||    36
       Fruit             |       |     1 |     3 |     1 ||     5
Armor: Robe              |     9 |    12 |    42 |    15 ||    78
Dodge: Dodged            |    23 |    30 |    64 |    30 ||   147
       Deflected         |       |       |     5 |     1 ||     6
Block: Buckler           |       |       |    13 |     6 ||    19
